 Dungeon Crawl Stone Soup version 0.21.1-1-g345015fe64 (webtiles) character file.

167 Mrkan the Poker (level 5, 0/41 HPs)
             Began as a Merfolk Gladiator on May 4, 2018.
             Slain by a gnoll
             ... wielding a +0 club
              (5 damage)
             ... on level 2 of the Dungeon.
             The game lasted 00:07:34 (2990 turns).

Mrkan the Poker (Merfolk Gladiator)                 Turns: 2990, Time: 00:07:34

Health: 0/41       AC:  7    Str: 15    XL:     5   Next: 48%
Magic:  5/5        EV: 12    Int: 12    God:
Gold:   40         SH:  0    Dex: 16    Spells: 4/4 levels left

rFire    . . .     SeeInvis .   a - +0 trident
rCold    . . .     Gourm    .   (no shield)
rNeg     . . .     Faith    .   q - +0 scale mail
rPois    .         Spirit   .   e - +0 helmet
rElec    .         Reflect  .   (no cloak)
rCorr    .         Harm     .   (no gloves)
MR       .....                  (no boots)
Stlth    ..........             h - amulet of magic regeneration
HPRegen  0.13/turn              (no ring)
MPRegen  0.34/turn              (no ring)

@: brilliant, lethally poisoned (0 -> -3)
A: change form in water, swift swim, stealthy swim
a: no special abilities


You were on level 2 of the Dungeon.
You were not hungry.

You visited 1 branch of the dungeon, and saw 2 of its levels.

You collected 40 gold pieces.

Inventory:

Hand Weapons
 a - a +0 trident (weapon)
Missiles
 d - 4 throwing nets (quivered)
Armour
 b - a +0 leather armour
 c - a +0 helmet
 e - a +0 helmet (worn)
 q - a +0 scale mail (worn)
Jewellery
 h - an amulet of magic regeneration (around neck)
Scrolls
 j - 3 scrolls of identify {unknown}
 k - a scroll of enchant armour {unknown}
 l - a scroll of amnesia {unknown}
 m - 2 scrolls of fear {unknown}
 o - a scroll of remove curse {unknown}
Potions
 i - 2 potions of brilliance
 n - a potion of cancellation {unknown}
 p - a potion of ambrosia {unknown}
Comestibles
 f - 4 rations


   Skills:
 + Level 3.2 Fighting
 + Level 6.4 Polearms
 + Level 2.1 Throwing
 + Level 1.3 Armour
 + Level 4.9 Dodging
 - Level 0.1 Stealth


You had 4 spell levels left.
You didn't know any spells.

Dungeon Overview and Level Annotations

Branches:
Dungeon (2/15)

Altars:


Message History

* * * LOW HITPOINT WARNING * * *
You hit the gnoll.
The gnoll is heavily wounded.
The gnoll closely misses you.
You completely miss the gnoll.
The gnoll is heavily wounded.
You feel sick. The gnoll hits you but does no damage.
You hit the gnoll.
The gnoll is almost dead.
The gnoll barely misses you.
You closely miss the gnoll.
The gnoll is almost dead.
You feel sick. The gnoll hits you.
* * * LOW HITPOINT WARNING * * *
You puncture the gnoll!
You kill the gnoll!
It was a potion of brilliance.
You feel clever all of a sudden.
You feel sick. The gnoll hits you with a club.
You die...

.# #.......##.#...... gg
...................
.##........##.#..##..
g......... #.#......
#.........##.##.##.#
#g..................
#)#.#####...........
#g#.#####...........
#.#.###.#@................
#.......g#.....###........
....#.####.....###........
.. ..............#........
###.#####...............
#### #)# #..###.#........
#...##.#####............<..
#..............##.#.#......
+............#....#.#......


You could see a gnoll.

Vanquished Creatures
  Terence (D:2)
  Robin (D:2)
  4 adders (D:2)
  3 gnolls (D:2)
  2 worms (D:2)
  3 dart slugs
  2 leopard geckos (D:2)
  A giant cockroach (D:1)
  15 goblins
  A hobgoblin (D:2)
  3 jackals (D:2)
  A quokka (D:2)
  A ball python (D:1)
  3 bats (D:1)
  3 frilled lizards
  7 kobolds
  5 rats
56 creatures vanquished.

Notes
Turn   | Place    | Note
-------+----------+-------------------------------------------
     0 | D:1      | Mrkan the Merfolk Gladiator began the quest for the Orb.
     0 | D:1      | Reached XP level 1. HP: 16/16 MP: 1/1
   220 | D:1      | Reached XP level 2. HP: 23/23 MP: 2/2
  1641 | D:2      | Reached skill level 5 in Polearms
  1641 | D:2      | Reached XP level 3. HP: 25/28 MP: 3/3
  2123 | D:2      | Reached XP level 4. HP: 31/35 MP: 4/4
  2242 | D:2      | Noticed Terence
  2255 | D:2      | Killed Terence
  2255 | D:2      | Reached skill level 1 in Armour
  2302 | D:2      | Noticed Robin
  2326 | D:2      | Reached skill level 6 in Polearms
  2356 | D:2      | Killed Robin
  2356 | D:2      | Reached XP level 5. HP: 14/41 MP: 5/5
  2990 | D:2      | Slain by a gnoll

Skill      XL: |  1  2  3  4 |
---------------+-------------+-----
Polearms       | 5 6 |  6.4
Fighting       | 3 |  3.2
Armour         | 1 |  1.3
Throwing       | |  2.1
Dodging        | |  4.9
Stealth        | |  0.1

Action                   |  1- 3 |  4- 6 || total
-------------------------+-------+-------++-------
Melee: Trident           |   153 |    86 ||   239
  Use: Potion            |       |     3 ||     3
 Stab: Sleeping          |     1 |     1 ||     2
  Eat: Ration            |     1 |     1 ||     2
       Chunk             |       |     2 ||     2
Armor: Leather armour    |    59 |    13 ||    72
       Scale mail        |       |     5 ||     5
Dodge: Dodged            |   165 |    65 ||   230
